 Dungeon Crawl Stone Soup version 0.22-a0-305-gd21a89c (webtiles) character file.

443 JeffiDaFish the Skirmisher (level 6, -3/53 HPs)
             Began as a Draconian Skald on Mar 31, 2018.
             Was an Initiate of Sif Muna.
             Killed by nerve-wracking pain
             ... invoked by an orc priest
              (13 damage)
             ... on level 5 of the Dungeon.
             The game lasted 00:13:07 (5908 turns).

JeffiDaFish the Skirmisher (Draconian Skald)        Turns: 5908, Time: 00:13:09

Health: -3/53      AC:  6    Str: 13    XL:     6   Next: 71%
Magic:  1/10       EV: 13    Int: 15    God:    Sif Muna [......]
Gold:   160        SH:  0    Dex: 11    Spells: 2/10 levels left

rFire    . . .     SeeInvis .   k - +0 great sword
rCold    . . .     Gourm    .   (shield currently unavailable)
rNeg     . . .     Faith    .   (armour unavailable)
rPois    .         Spirit   .   (helmet restricted)
rElec    .         Reflect  .   (no cloak)
rCorr    .         Harm     .   (no gloves)
MR       .....                  (no boots)
Stlth    +.........             (no amulet)
HPRegen  0.17/turn              (no ring)
MPRegen  0.12/turn              (no ring)

@: very slightly contaminated, slowed, very slow
A: unfitting armour, cold-blooded, AC +6
a: Renounce Religion


You were on level 5 of the Dungeon.
You worshipped Sif Muna.
Sif Muna was noncommittal.
You were very hungry.

You visited 2 branches of the dungeon, and saw 6 of its levels.

You collected 160 gold pieces.

Inventory:

Hand Weapons
 h - a +2 long sword
 k - a +0 great sword (weapon)
Scrolls
 a - a scroll of remove curse
 b - 4 scrolls of identify
 e - 2 scrolls of fear
 f - a scroll of enchant armour
Potions
 d - a potion of ambrosia
 g - 2 potions of brilliance
 i - a potion of cancellation {unknown}
 j - a potion of curing
Comestibles
 c - 9 rations


   Skills:
 + Level 4.4 Fighting
 + Level 3.9 Long Blades
 * Level 3.8 Dodging
 * Level 2.8 Spellcasting
 * Level 3.1 Charms
 * Level 1.4 Translocations


You had 2 spell levels left.
You knew the following spells:

 Your Spells              Type           Power        Failure   Level  Hunger
a - Infusion              Chrm           ##..         5%          1    #......
b - Shroud of Golubria    Chrm/Tloc      #.........   12%         2    ##.....
c - Regeneration          Chrm/Necr      #.........   32%         3    ###....
d - Blink                 Tloc           N/A          17%         2    ##.....


Dungeon Overview and Level Annotations

Branches:
Dungeon (5/15)             Temple (1/1) D:4

Altars:
Ashenzari
Cheibriados
Fedhas
Gozag
Okawaru
Qazlal
Ru
Sif Muna
Trog
Uskayaw
Vehumet
Wu Jian
Xom
Zin

Shops:
D:4 =


Innate Abilities, Weirdness & Mutations

Your plain brown scales are hard. (AC +6)
You cannot fit into any form of body armour.
You are cold-blooded and may be slowed by cold attacks.


Message History

The orc closely misses you.
The orc priest hits you but does no damage.
The orc wizard misses you. The orc closely misses you.
The orc hits you with a dagger.
You hit the orc priest.
The orc priest is heavily wounded.
You are no longer magically infusing your attacks.
The orc closely misses you. The orc wizard casts a spell at you.
The magic dart hits you!
* * * LOW HITPOINT WARNING * * *
The orc priest misses you.
You riposte.
You hit the orc priest.
You tail-slap the orc priest, but do no damage.
The orc priest is severely wounded.
The orc hits you but does no damage. The orc hits you with a dagger.
* * * LOW HITPOINT WARNING * * *
The orc barely misses you.
The orc priest mumbles some strange prayers to Beogh against you.
Pain shoots through your body!
You die...

#.# ##..### .# #.#
##.....# #.# ###.#
##..##...
#..####...####..####..
#...........#..## ##.
#......).....## #.
.###...o...###### #.
......ooo.# ######.
.....%o@o# #.......
.........# ........
.........# ........
#........# #.........
##....#.(# #.........
#.!.#..## ##.........
#... ..# #..........
.... .## #......^...
#.._.......


You could see an orc priest, an orc wizard and 4 orcs.

Vanquished Creatures
  A centaur (D:4)
  A centaur skeleton (D:5)
  A hound (D:4)
  An orc wizard (D:5)
  2 orc priests (D:3)
  Natasha (thrice) (D:3)
  2 worker ants
  A gnoll (D:1)
  2 adders
  2 worms
  2 leopard geckos
  11 orcs
  4 giant cockroaches
  3 hobgoblins
  2 jackals (D:3)
  2 quokkas (D:3)
  A ball python (D:3)
  3 bats
  5 frilled lizards
  6 goblins
  5 kobolds
  3 rats
63 creatures vanquished.

Notes
Turn   | Place    | Note
-------+----------+-------------------------------------------
     0 | D:1      | JeffiDaFish the Draconian Skald began the quest for the Orb.
     0 | D:1      | Reached XP level 1. HP: 17/17 MP: 3/3
   442 | D:1      | Reached XP level 2. HP: 9/25 MP: 0/5
  1909 | D:2      | Reached XP level 3. HP: 24/30 MP: 1/6
  1924 | D:2      | Learned a level 2 spell: Shroud of Golubria
  1991 | D:2      | Learned a level 3 spell: Regeneration
  2131 | D:2      | Reached skill level 3 in Fighting
  2356 | D:3      | Noticed Natasha
  2364 | D:3      | Killed Natasha
  2364 | D:3      | Reached XP level 4. HP: 6/38 MP: 1/7
  2740 | D:3      | Found a glowing silver altar of Zin.
  3061 | D:3      | Found an iron altar of Okawaru.
  3071 | D:3      | Noticed Natasha
  3086 | D:3      | Killed Natasha
  3369 | D:3      | Reached XP level 5. HP: 40/46 MP: 8/8
  3396 | D:3      | Learned a level 2 spell: Blink
  3618 | D:3      | Noticed Natasha
  3630 | D:3      | Killed Natasha
  3630 | D:3      | Reached skill level 4 in Fighting
  4600 | D:4      | Found a blossoming altar of Fedhas.
  4600 | D:4      | Noticed a centaur
  4772 | D:4      | Killed a centaur
  4772 | D:4      | Reached XP level 6. HP: 30/52 MP: 2/9
  5150 | D:4      | Found a staircase to the Ecumenical Temple.
  5156 | Temple   | Entered the Ecumenical Temple
  5175 | Temple   | Became a worshipper of Sif Muna the Loreminder
  5262 | D:4      | Reached skill level 1 in Translocations
  5460 | D:4      | Found Razem's Jewellery Shoppe.
  5540 | D:4      | Found a shattered altar of Ashenzari.
  5793 | D:5      | Entered Level 5 of the Dungeon
  5793 | D:5      | Found a stormy altar of Qazlal.
  5908 | D:5      | Killed from afar by an orc priest

Vault maps used:
D:1:      lightli_arrival_boilingwater, hangedman_glass_teeth
D:3:      lemuel_crystal_altar, okawaru_gym_becter, uniq_natasha
D:4:      kennysheep_mini, minmay_temple_entry_hall, serial_shops, shop,
          fedhas_bush_and_centaur_altar
D:5:      first_ration, basic_altar, serial_shops, shop, lemuel_statue_altar,
          uniq_eustachio, uniq_pikel
Temple:   eino_temple_rhombus

Skill      XL: |  1  2  3  4  5  6 |
---------------+-------------------+-----
Fighting       | 3 4 |  4.4
Dodging        | 3 |  3.8
Long Blades    | 3 |  3.9
Charms         | 3 |  3.1
Translocations | 1 |  1.4
Spellcasting   | |  2.8

Action                   |  1- 3 |  4- 6 || total
-------------------------+-------+-------++-------
Melee: Falchion          |    38 |       ||    38
       Tailslap          |     7 |    24 ||    31
       Flail             |    12 |       ||    12
       Long sword        |    17 |   107 ||   124
       Great sword       |       |    20 ||    20
 Cast: Infusion          |     4 |     7 ||    11
       Shroud of Golubri |     1 |     5 ||     6
       Blink             |       |     1 ||     1
  Use: Potion            |     7 |     2 ||     9
       Scroll            |     7 |     6 ||    13
 Stab: Sleeping          |       |     1 ||     1
  Eat: Chunk             |     2 |    10 ||    12
       Ration            |     1 |       ||     1
Armor: Skin              |    29 |    23 ||    52
Dodge: Dodged            |    32 |   122 ||   154
       Rpst.: Falchion   |     4 |       ||     4
       Long sword        |     4 |    20 ||    24
       Great sword       |       |    12 ||    12

Table legend:
 A = Spawn XP
 B = Non-spawn XP
 C = Spawn XP percentage of total XP
 D = Spawn monster count
 E = Non-spawn monster count
 F = Spawn count percentage of total count
 G = Total turns spent on level
                    A         B        C        D         E        F      G
               +---------+---------+-------+---------+---------+-------+---------
         Total |       0 |     633 |   0.0 |       0 |      63 |   0.0 |  5908
               +---------+---------+-------+---------+---------+-------+---------
           D:1 |       0 |      27 |   0.0 |       0 |       9 |   0.0 |  1070
           D:2 |       0 |      30 |   0.0 |       0 |      11 |   0.0 |  1238
           D:3 |       0 |     259 |   0.0 |       0 |      31 |   0.0 |  2193
           D:4 |       0 |     196 |   0.0 |       0 |       8 |   0.0 |  1256
           D:5 |       0 |     121 |   0.0 |       0 |       4 |   0.0 |   115
               +---------+---------+-------+---------+---------+-------+---------
